AoeStats
← Jokerball

Arena

504995925Analyzed
2v2 RM · 24d ago on Sep 7, 2026· 23m 27s· 4 players
Game mode
Random Map
Map size
Medium (4 player)
Population
200
Speed
Normal
Resources
Standard
Victory
Conquest
Starting age
Dark Age
Ending age
Imperial Age
RankedLock teamsTeams togetherTeam positionsShared explorationLock speedFull tech treeHidden civsTurbo modeCheats
Victory
Defeat
1879
+3
🇮🇹 Chinese · Italy
1836
+4
🇩🇪 Bengalis · Germany
1503
-4
🇩🇪 Magyars · Germany
1484
-3
ITA | Padre Massimo dall'Aquila
11:00 Feudal Age
14:54 Castle Age
13:13 Double-Bit Axe
13:30 Horse Collar
15:48 Bow Saw
16:35 Gold Mining
18:42 Loom
19:53 Wheelbarrow
20:17 Fletching
22:14 Loom
CIRCONDATI
0:30 Loom
10:27 Feudal Age
14:04 Castle Age
12:28 Double-Bit Axe
12:46 Horse Collar
15:06 Bow Saw
17:26 Fletching
21:17 Town Watch
21:39 Bodkin Arrow
Jokerball
9:03 Feudal Age
14:36 Castle Age
15:34 Town Watch
15:41 Fletching
17:10 Double-Bit Axe
21:27 Loom
Twicebow
5:58 Loom
8:28 Feudal Age
11:16 Town Watch
14:25 Castle Age
13:18 Double-Bit Axe
18:37 Padded Archer Armor
22:01 Fletching
Connection lost

Rejoining the realm…

Still unreachable

The connection could not be restored.

Session expired

The server has moved on; the page needs a fresh start.